 Dungeon Crawl Stone Soup version 0.24-a0-201-gf205589 (webtiles) character file.

Game seed: 7763802985350668468

14 tilp the Charmwright (level 2, -1/26 HPs)
             Began as a Gnoll Skald on Mar 22, 2019.
             Slain by an ooze (4 damage)
             ... on level 1 of the Dungeon.
             The game lasted 00:01:14 (392 turns).

tilp the Charmwright (Gnoll Skald)                   Turns: 392, Time: 00:01:14

Health: -1/26      AC:  3    Str: 13    XL:     2   Next: 41%
Magic:  7/7        EV: 14    Int: 15    God:
Gold:   12         SH:  0    Dex: 14    Spells: 5/10 levels left

rFire    . . .     SeeInvis .   a - +0 spear
rCold    . . .     Gourm    .   (no shield)
rNeg     . . .     Faith    .   b - +0 leather armour
rPois    .         Spirit   .   (no helmet)
rElec    .         Reflect  .   (no cloak)
rCorr    .         Harm     .   (no gloves)
MR       .....                  (no boots)
Stlth    +.........             (no amulet)
HPRegen  0.08/turn              (no ring)
MPRegen  0.10/turn              (no ring)

@: singing (expiring)
A: distributed training, fangs 1, strong nose
a: no special abilities


You were on level 1 of the Dungeon.
You were not hungry.

You visited 1 branch of the dungeon, and saw 1 of its levels.

You collected 12 gold pieces.

Inventory:

Hand Weapons
 a - a +0 spear (weapon)
Missiles
 c - 23 stones (quivered)
Armour
 b - a +0 leather armour (worn)
Potions
 e - a potion of haste {unknown}
Comestibles
 d - a ration
 f - 2 chunks of flesh


   Skills:
 + Level 4.5 Fighting
 + Level 0.4 Short Blades
 + Level 0.4 Long Blades
 + Level 0.4 Axes
 + Level 0.4 Maces & Flails
 + Level 4.5 Polearms
 + Level 0.4 Staves
 + Level 0.4 Slings
 + Level 0.4 Bows
 + Level 0.4 Crossbows
 + Level 0.4 Throwing
 + Level 2.5 Armour
 + Level 4.5 Dodging
 + Level 0.4 Stealth
 + Level 0.4 Shields
 + Level 0.4 Unarmed Combat
 + Level 4.9 Spellcasting
 + Level 0.2 Conjurations
 + Level 0.2 Hexes
 + Level 5.3 Charms
 + Level 0.2 Summonings
 + Level 0.2 Necromancy
 + Level 0.2 Translocations
 + Level 0.2 Transmutations
 + Level 0.2 Fire Magic
 + Level 0.2 Ice Magic
 + Level 0.2 Air Magic
 + Level 0.2 Earth Magic
 + Level 0.2 Poison Magic
 + Level 0.5 Invocations
 + Level 0.4 Evocations


You had 5 spell levels left.
You knew the following spells:

 Your Spells              Type           Power        Failure   Level  Hunger
a - Infusion              Chrm           ###.         2%          1    None
b - Song of Slaying       Chrm           ###.....     3%          2    ##.....
c - Shroud of Golubria    Chrm/Tloc      ##........   10%         2    ##.....

Your spell library contained the following spells:

 Spells                   Type           Power        Failure   Level  Hunger
 Regeneration             Chrm/Necr      ##........   21%         3    ###....
 Spectral Weapon          Hex/Chrm       ##......     21%         3    ###....


Dungeon Overview and Level Annotations

Branches:
Dungeon (1/15)

Altars:


Innate Abilities, Weirdness & Mutations

Your experience applies equally to all skills.
You have very sharp teeth.
Your uncanny sense of smell can sniff out nearby items.


Message History

Your song is almost over.
The leopard gecko bites you.
* * * LOW HITPOINT WARNING * * *
You hit the leopard gecko.
The leopard gecko is heavily wounded.
The leopard gecko closely misses you.
You miss the leopard gecko. Your bite misses the leopard gecko.
The leopard gecko is heavily wounded.
The leopard gecko closely misses you.
You hit the leopard gecko.
The leopard gecko is almost dead.
The leopard gecko completely misses you.
You hit the leopard gecko.
You kill the leopard gecko!
You hit the ooze.
The ooze is moderately wounded.
You hit the ooze. You bite the ooze.
The ooze is almost dead.
The ooze hits you.
You die...

......... .##
......... ...#
........##...#
#........l.#.#
!....>....?#.#
..#..## ..####
..#...# .....
#.....#J##..####.
#...#.#@......... #.#
#..##.†...###### #.#
##.#.......# #.#
..........# #.#
...........# #.#
...........### #.#
####.....÷...### #.#
#.......#...#######.#
#.......###..........


You could see an ooze.

Vanquished Creatures
  A worm (D:1)
  A dart slug (D:1)
  2 leopard geckos (D:1)
  A bat (D:1)
  2 frilled lizards (D:1)
  A rat (D:1)
8 creatures vanquished.

Notes
Turn   | Place    | Note
-------+----------+-------------------------------------------
     0 | D:1      | tilp the Gnoll Skald began the quest for the Orb.
     0 | D:1      | Reached XP level 1. HP: 20/20 MP: 6/6
   345 | D:1      | Reached XP level 2. HP: 20/26 MP: 7/7
   349 | D:1      | Learned a level 2 spell: Song of Slaying
   352 | D:1      | Learned a level 2 spell: Shroud of Golubria
   392 | D:1      | Slain by an ooze

Levels and vault maps discovered:
D:1:      evilmike_arrival_run_for_it, layout_rooms

Action                   || total
-------------------------++-------
Melee: Spear             ||    51
       Bite              ||     2
Throw: Stone             ||     2
 Cast: Infusion          ||     1
       Song of Slaying   ||     1
Armor: Leather armour    ||    12
Dodge: Dodged            ||    28

Table legend:
 A = Non-vault XP
 B = Vault XP
 C = Vault XP percentage of total XP
 D = Non-vault monster count
 E = Vault monster count
 F = Vault count percentage of total count
                 A         B        C        D         E       F
            +---------+---------+-------+---------+---------+-------
      Total |      15 |       5 |  25.0 |       7 |       1 |  12.5
            +---------+---------+-------+---------+---------+-------
        D:1 |      15 |       5 |  25.0 |       7 |       1 |  12.5
            +---------+---------+-------+---------+---------+-------
